Map: Romanticide LE

Players

Drift - Winner!

  • Race: Terran Terran
  • League: Master
  • Spawn Location: 5:00

VOD

https://www.youtube.com/watch?v=IR3pSpARlL8&feature=youtu.be

Description

Time

  • Played on: Dec. 31, 2020, 3:29 p.m.
  • Length: 16:01
Show
View Real Time Build Order
Export as new Build Order

Drift Terran - Winner!

Build Orders:  

Get SALT Encoding   

  6  0:00  SCV  
  13  0:17  SCV  
  14  0:25  Supply Depot  
  14  0:34  SCV  
  15  0:55  SCV  
  15  0:57  Barracks  
  16  1:02  Refinery  
  16  1:12  SCV  
  16  1:15  Refinery  
  17  1:29  SCV  
  18  1:48  SCV  
  19  2:05  Orbital Command  
  19  2:07  Supply Depot  
  19  2:08  Reaper  
  20  2:25  Factory  
  20  2:41  SCV  
  22  2:53  Reaper  
  22  2:58  SCV  
  23  3:15  Command Center  
  23  3:21  SCV  
  24  3:30  Hellion  
  24  3:38  Reaper, SCV  
  28  3:44  Supply Depot  
  28  3:55  SCV  
  28  3:58  Starport  
  29  4:07  Hellion  
  31  4:14  SCV  
  32  4:21  Barracks Reactor  
  32  4:32  Refinery  
  32  4:37  SCV  
  33  4:40  Factory Tech Lab  
  33  4:51  Starport Tech Lab  
  33  4:54  SCV  
  33  4:55  Orbital Command  
  34  5:05  Cyclone  
  37  5:11  SCV  
  37  5:12  Marine x2  
  37  5:18  Raven  
  42  5:25  Supply Depot  
  42  5:27  SCV  
  43  5:31  SCV  
  44  5:41  Marine  
  44  5:43  Marine  
  44  5:44  SCV  
  44  5:48  SCV  
  48  5:58  Siege Tank  
  51  6:01  Supply Depot, SCV  
  51  6:05  SCV  
  53  6:18  Raven, SCV  
  56  6:28  SCV  
  57  6:33  Command Center  
  57  6:37  SCV  
  58  6:43  Siege Tank  
  58  6:48  Marine x2  
  58  6:49  SCV  
  64  6:54  Supply Depot  
  64  6:59  Supply Depot  
  64  7:00  SCV  
  64  7:06  SCV  
  66  7:11  Refinery  
  66  7:16  Marine  
  66  7:17  Marine  
  68  7:24  Supply Depot  
  68  7:28  SCV x2  
  70  7:30  Siege Tank  
  70  7:32  Raven  
  75  7:44  Marine x2  
  75  7:45  SCV x2  
  79  8:02  Factory x2, SCV  
  79  8:05  Supply Depot  
  79  8:07  SCV  
  81  8:11  Engineering Bay  
  81  8:15  Orbital Command  
  81  8:19  Siege Tank  
  84  8:21  Siege Tank  
  84  8:24  SCV  
  84  8:25  SCV  
  86  8:36  Supply Depot  
  86  8:39  Barracks Reactor  
  86  8:41  SCV  
  86  8:42  SCV  
  88  8:56  Missile Turret  
  88  8:57  Orbital Command  
  88  8:58  SCV  
  88  8:59  SCV  
  90  9:04  Missile Turret  
  90  9:15  SCV  
  90  9:16  SCV  
  90  9:18  Viking  
  94  9:21  Viking  
  94  9:22  Siege Tank  
  94  9:23  Siege Tank  
  102  9:32  SCV x2  
  102  9:33  SCV  
  104  9:43  Refinery  
  104  9:46  Armory  
  104  9:49  SCV x2  
  106  9:50  Refinery, Armory  
  106  9:54  Supply Depot, SCV  
  106  9:55  Supply Depot  
  107  10:06  SCV x2  
  107  10:07  Viking x2  
  113  10:10  Hellion x2  
  113  10:17  SCV  
  113  10:18  Siege Tank  
  121  10:23  SCV x2  
  121  10:29  Siege Tank  
  126  10:34  Supply Depot, SCV  
  126  10:38  Supply Depot  
  127  10:40  SCV x2  
  129  10:50  SCV  
  129  10:52  Viking, Hellion x2  
  129  10:55  Viking  
  129  10:57  SCV x2  
  129  10:59  Terran Vehicle Weapons Level 1  
  140  11:04  Terran Vehicle And Ship Armor Level 1  
  141  11:15  Supply Depot  
  140  11:20  Supply Depot  
  140  11:22  Command Center  
  140  11:23  Siege Tank, Hellion  
  140  11:24  Hellion  
  140  11:27  Hellion  
  149  11:35  Factory  
  149  11:37  SCV  
  149  11:38  SCV x2  
  152  11:40  Factory  
  152  11:42  Viking  
  152  11:46  Viking  
  156  11:56  Supply Depot  
  157  12:01  Supply Depot  
  157  12:07  Siege Tank  
  159  12:16  Siege Tank  
  159  12:18  SCV  
  163  12:23  Missile Turret  
  163  12:25  Sensor Tower  
  163  12:28  Missile Turret  
  163  12:32  Missile Turret x2  
  163  12:33  Viking  
  163  12:37  Viking  
  163  12:38  Siege Tank x4  
  163  12:39  Factory Tech Lab  
  167  12:44  Supply Depot  
  167  12:46  Supply Depot  
  167  12:47  Hellion x3  
  173  12:52  Hellion  
  173  12:56  Missile Turret  
  175  13:00  Supply Depot  
  175  13:11  Thor  
  175  13:14  Thor  
  175  13:19  Hellion x2, Refinery  
  191  13:20  Hellion  
  191  13:22  Infernal Pre-Igniter  
  191  13:26  Refinery  
  193  13:38  Siege Tank  
  196  13:48  Planetary Fortress  
  196  13:49  Hellion  
  198  13:59  Command Center  
  198  14:03  Hellion  
  198  14:09  Factory Reactor  
  200  14:23  Siege Tank x2  
  200  14:24  Siege Tank x7  
  200  14:25  Starport  
  200  14:28  Starport  
  200  14:36  Command Center x2  
  200  15:18  Starport, Starport Tech Lab, Starport Reactor  
  200  15:21  Starport  
Tags
 
Add a new tag
Caveats
  • Supply blocks, unpowered buildings, or Contaminate may cause inaccurate times.
  • Supply counts are checked every 10 seconds.